 Dungeon Crawl Stone Soup version 0.31-a0-726-g3c93526463 (webtiles) character file.

Game seed: 6394657454201909796

44 BritishOli the Trooper (level 3, 0/29 HPs)
             Began as a Demonspawn Fighter on Sept 11, 2023.
             Slain by a hobgoblin (5 damage)
             ... led by Robin
             ... on level 2 of the Dungeon.
             The game lasted 00:00:51 (1016 turns).

BritishOli the Trooper (Demonspawn Fighter)         Turns: 1016, Time: 00:00:51

Health: 0/29       AC:  6    Str: 18    XL:     3   Next: 41%
Magic:  3/3        EV:  9    Int:  9    God:
Gold:   51         SH:  4    Dex: 12    Spells: 2/2 levels left

rFire   . . .        a - +0 war axe
rCold   . . .        c - +0 buckler
rNeg    . . .        b - +0 scale mail
rPois   .            (no helmet)
rElec   .            (no cloak)
rCorr   .            (no gloves)
SInv    .            (no boots)
Will    .....        (no amulet) Stlth
                     (no ring)
HPRegen 0.24/turn    (no ring)
MPRegen 0.08/turn

%: no passive effects
@: no status effects
A: sturdy frame 1, demonic touch 1
a: no special abilities


You were on level 2 of the Dungeon.
You visited 1 branch of the dungeon, and saw 2 of its levels.

You collected 51 gold pieces.

Inventory:

Hand Weapons
 a - a +0 war axe (weapon)
Armour
 b - a +0 scale mail (worn)
 c - a +0 buckler (worn)
Scrolls
 g - 2 scrolls of identify {unknown}
Potions
 d - a potion of might
 e - a potion of brilliance {unknown}
 f - a potion of mutation {unknown}


   Skills:
 + Level 3.4 Fighting
 + Level 2.3 Axes
 + Level 3.0 Armour
 + Level 3.1 Shields


You had 2 spell levels left.
You didn't know any spells.
Your spell library contained the following spells:

 Spells                   Type           Power      Damage    Failure   Level
 Sandblast                Erth           0%         2d4       71%         1
 Passwall                 Tmut/Erth      0%         N/A       85%         2
 Stone Arrow              Conj/Erth      0%         3d7       97%         3


Dungeon Overview and Level Annotations

Branches:
Dungeon (2/15)

Altars:

Annotations:
D:2 Robin


Innate Abilities, Weirdness & Mutations

Your movements are slightly less encumbered by armour. (ER -2)
Your touch may inflict minor irresistible damage on your foes.


Message History

Items here: ( ))) †††††.
Unknown command.
You block the dart slug's attack.
A goblin comes into view. It is wielding a +0 dagger.
The dart slug launches a dart at you. The slug dart hits you.
* * * LOW HITPOINT WARNING * * *
You hit the dart slug.
The dart slug is heavily wounded.
You block the dart slug's attack.
You barely miss the dart slug.
The dart slug is heavily wounded.
A hobgoblin comes into view.
The dart slug barely misses you.
The hobgoblin shouts!
You hit the dart slug.
The dart slug is severely wounded.
You hear a shout!
A goblin comes into view. It is wielding a +0 club.
Robin throws the goblin at you! The goblin hits you with a +0 dagger.
* * * LOW HITPOINT WARNING * * *
A goblin comes into view. It is wielding a +0 club.
The dart slug launches a dart at you. The slug dart hits you.
* * * LOW HITPOINT WARNING * * *
You hit the dart slug.
You kill the dart slug!
You slash the goblin!
You kill the goblin!
You barely miss the hobgoblin.
The hobgoblin hits you but does no damage.
Robin roars a battlecry!
The goblins go into a battle-frenzy!
The hobgoblin hits you.
* * * LOW HITPOINT WARNING * * *
You closely miss the hobgoblin. The hobgoblin barely misses you.
You closely miss the hobgoblin.
Robin roars a battlecry!
The hobgoblin hits you.
You die...

#.......###
#.......#
#.......#
####.......###
#..'.....†.'.##
#.##.....).##.#
#.###########.#
#.......).#<..#
#########@#####
#g# #g##.#
#gg..#
#.....g.......
#.......!.....
#.............
#.............
#.............


You could see Robin, 3 hobgoblins and a goblin (strong).

Vanquished Creatures
  A dart slug (D:2)
  3 ball pythons (D:1)
  A bat (D:1)
  3 endoplasms
  3 giant cockroaches
  6 goblins
  7 hobgoblins
  3 kobolds
  A quokka (D:2)
  A frilled lizard (D:1)
  5 rats (D:1)
34 creatures vanquished.

Notes
Turn   | Place    | Note
-------+----------+-------------------------------------------
     0 | D:1      | BritishOli the Demonspawn Fighter began the quest for the
                  | Orb.
     0 | D:1      | Reached XP level 1. HP: 18/18 MP: 1/1
   252 | D:1      | Gained mutation: Your touch may inflict minor irresistible
                  | damage on your foes. [demonic ancestry]
   252 | D:1      | Reached XP level 2. HP: 19/24 MP: 2/2
   748 | D:1      | Found a faded altar of an unknown god.
   896 | D:2      | Gained mutation: Your movements are slightly less
                  | encumbered by armour. (ER -2) [demonic ancestry]
   896 | D:2      | Reached XP level 3. HP: 27/29 MP: 3/3
  1004 | D:2      | Noticed Robin
  1016 | D:2      | Slain by a hobgoblin

Illustrated notes

Levels and vault maps discovered:
D:1:      minmay_arrival_wavy_path, layout_basic,
          shapermc_ecumenical_altar_acropolis
D:2:      layout_basic, serial_shops, shop, uniq_robin, uniq_crazy_yiuf_cottage,
          uniq_jessica

Skill      XL: |  1  2 |
---------------+-------+-----
Axes           | 2 |  2.3
Shields        | 3 |  3.1
Armour         | 3 |  3.0
Fighting       | |  3.4

Action                     || total
---------------------------++-------
  Melee: War axe           ||    93
 Armour: Scale mail        ||    80
  Dodge: Dodged            ||    43
  Block: Buckler           ||    22

Table legend: (Time is in decaauts)
 A = Elapsed time spent in this place.
 B = Non-inter-level travel time spent in this place.
 C = Inter-level travel time spent in this place.
 D = Time resting spent in this place.
 E = Time spent auto-exploring this place.
 F = Levels seen in this place.
 G = Mean time per level.
                   A        B        C        D        E       F      G
               +--------+--------+--------+--------+--------+-----+--------+
         Total |   1055 |   1024 |     31 |      0 |    810 |   2 |  527.5 |
       Dungeon |   1055 |   1024 |     31 |      0 |    810 |   2 |  527.5 |
               +--------+--------+--------+--------+--------+-----+--------+

Top non-repeatable levels by time:
     D:1: 908 daAuts
     D:2: 147 daAuts
